 Dungeon Crawl Stone Soup version 0.24.0-125-gc4c63601f3 (webtiles) character file.

Game seed: 601419929808867547, levelgen mode: deterministic

725 Adamkad1 the Cudgeler (level 7, -2/67 HPs)
             Began as a Troll Berserker on Mar 14, 2020.
             Was a Priest of Trog.
             Slain by Grinder (3 damage)
             ... on level 5 of the Dungeon.
             The game lasted 00:07:02 (3763 turns).

Adamkad1 the Cudgeler (Troll Berserker)             Turns: 3763, Time: 00:07:02

Health: -2/67      AC:  4    Str: 28    XL:     7   Next: 43%
Magic:  6/6        EV: 11    Int:  3    God:    Trog [***...]
Gold:   276        SH:  0    Dex:  9    Spells: 6/6 levels left

rFire    . . .     SeeInvis .   r - +0 giant club
rCold    + . .     Gourm    +   (shield currently unavailable)
rNeg     + . .     Faith    .   b - +1 animal skin
rPois    +         Spirit   .   B - -3 hat of Boiling Hail {rPois rN+}
rElec    .         Reflect  .   (no cloak)
rCorr    .         Harm     .   (gloves unavailable)
MR       +....                  (boots unavailable)
Stlth    +.........             (no amulet)
HPRegen  0.61/turn              k - ring of protection from cold
MPRegen  0.10/turn              s - ring of protection from magic

@: berserk cooldown, slowed, very slow
A: large, unfitting armour, claws 3, fast metabolism 3, gourmand, regeneration
1, shaggy fur 1, tough skin 3
a: Berserk, Trog's Hand, Renounce Religion


You were on level 5 of the Dungeon.
You worshipped Trog.
Trog was most pleased with you.
You were very full.

You visited 1 branch of the dungeon, and saw 5 of its levels.

You collected 276 gold pieces.

Inventory:

Hand Weapons
 a - a +1 mace
 o - a +0 whip
 r - a +0 giant club (weapon)
Missiles
 i - 10 poisoned darts (quivered)
 u - 4 silver boomerangs
Armour
 b - a +1 animal skin (worn)
 B - the -3 hat of Boiling Hail (worn) {rPois rN+}
   (You found it on level 5 of the Dungeon)

   It protects you from poison.
   It protects you from negative energy.
Jewellery
 f - an uncursed ring of flight {unknown}
 k - a ring of protection from cold (left claw)
 n - an uncursed ring of ice {unknown}
 s - a ring of protection from magic (right claw)
Scrolls
 j - 2 scrolls of enchant weapon
 q - a scroll of blinking
 v - a scroll of identify
 w - a scroll of immolation
Potions
 d - 2 potions of curing {unknown}
 e - 2 potions of mutation {unknown}
 g - a potion of heal wounds {unknown}
 h - 2 potions of lignification {unknown}
 l - 2 potions of flight {unknown}
 m - 2 potions of invisibility {unknown}
 p - a potion of resistance {unknown}
 t - a potion of brilliance {unknown}
 x - 2 potions of degeneration {unknown}
 z - a potion of agility {unknown}
Comestibles
 c - 12 rations
 C - 6 chunks of flesh


   Skills:
 - Level 3.5 Fighting
 * Level 6.3 Maces & Flails
 - Level 2.4 Throwing
 - Level 3.5 Dodging


You had 6 spell levels left.
You didn't know any spells.
Your spell library was empty.

Dungeon Overview and Level Annotations

Branches:
Dungeon (5/15)             Temple (0/1) D:5

Altars:
Elyvilon
Hepliaklqana
Okawaru
Yredelemnul
Zin

Shops:
D:4 *

Annotations:
D:5 Grinder


Innate Abilities, Weirdness & Mutations

You are too large for most types of armour.
You have claws for hands.
Your metabolism is lightning-fast.
You like to eat raw meat.
Your natural rate of healing is unusually fast.
You are covered in fur. (AC +1)
You have extremely tough skin. (AC +3)


Message History

* * * LOW HITPOINT WARNING * * *
Grinder blinks!
Something hits you but does no damage.
You closely miss something. Something hits you but does no damage.
Something hits you.
* * * LOW HITPOINT WARNING * * *
Grinder hits you.
* * * LOW HITPOINT WARNING * * *
Something hits you but does no damage.
You closely miss something.
You hear some strange, mumbled words.
A magic dart appears from out of thin air!
The magic dart hits you.
* * * LOW HITPOINT WARNING * * *
Grinder gestures at you. You resist with almost no effort.
The crimson imp blinks!
Grinder says, "FISH!"
Grinder hits you.
* * * LOW HITPOINT WARNING * * *
You writhe in agony.
You die...

.....##....≈≈≈≈≈≈..≈≈≈≈≈≈≈...
≈≈≈≈≈...#≈≈≈≈≈≈≈≈≈≈[.≈≈≈≈......
≈≈≈≈≈≈≈≈≈≈≈≈≈≈≈≈≈≈≈≈..≈.........
≈≈≈≈≈≈≈≈≈≈≈≈≈≈≈≈≈≈≈8..8.........
.≈≈≈≈≈≈≈≈≈≈≈≈≈≈≈###8..8#......##
....≈≈≈≈≈≈≈≈### #....#..###..#
....o....%...######.....)....#..
.............##.........####..#.
.............o.@5.......# ##..#
......?......##.........# ####
............(##.........#
....(........############
.............# ####.........#
#.........# #.........#
###########


You could see Grinder and an orc.

Vanquished Creatures
  An ogre (D:4)
  A centaur (D:5)
  A scorpion (D:4)
  A bullfrog zombie (D:5)
  2 hounds
  2 orc priests
  4 orc wizards
  2 worker ants (D:4)
  A hound skeleton (D:5)
  3 gnolls (D:3)
  4 adders
  A shadow imp (D:5)
  An ooze (D:5)
  3 worms
  3 dart slugs
  3 leopard geckos
  15 orcs
  A ball python (D:3)
  6 giant cockroaches
  2 goblins
  6 hobgoblins
  4 jackals (D:2)
  4 kobolds
  2 quokkas
  7 bats
  6 frilled lizards
  A giant cockroach zombie (D:5)
  A quokka skeleton (D:4)
  12 rats
  A spectral orc (D:4)
101 creatures vanquished.

Notes
Turn   | Place    | Note
-------+----------+-------------------------------------------
     0 | D:1      | Adamkad1 the Troll Berserker began the quest for the Orb.
     0 | D:1      | Reached XP level 1. HP: 22/22 MP: 0/0
   107 | D:1      | Reached XP level 2. HP: 29/29 MP: 1/1
   251 | D:1      | Reached skill level 3 in Maces & Flails
   950 | D:2      | Reached XP level 3. HP: 36/36 MP: 2/2
  1201 | D:2      | Reached ** piety under Trog
  1270 | D:2      | Reached skill level 1 in Throwing
  1603 | D:3      | Found an iron altar of Okawaru.
  1625 | D:3      | Reached XP level 4. HP: 42/44 MP: 3/3
  2093 | D:3      | Found a hazy altar of Hepliaklqana.
  2363 | D:4      | Reached XP level 5. HP: 51/53 MP: 4/4
  2415 | D:3      | Reached skill level 4 in Maces & Flails
  2422 | D:3      | Reached *** piety under Trog
  2531 | D:4      | Reached XP level 6. HP: 30/61 MP: 5/5
  2671 | D:4      | Found Enkidula's General Store.
  2953 | D:4      | Found a white marble altar of Elyvilon.
  3071 | D:5      | Entered Level 5 of the Dungeon
  3133 | D:4      | Reached skill level 5 in Maces & Flails
  3189 | D:3      | Reached XP level 7. HP: 21/67 MP: 6/6
  3425 | D:4      | Found a basalt altar of Yredelemnul.
  3493 | D:5      | Found a staircase to the Ecumenical Temple.
  3586 | D:5      | Reached skill level 6 in Maces & Flails
  3587 | D:5      | Found a glowing silver altar of Zin.
  3591 | D:5      | Got an ichor-stained hat
  3614 | D:5      | Identified the cursed -3 hat of Boiling Hail {rPois rN+}
                  | (You found it on level 5 of the Dungeon)
  3730 | D:5      | Noticed Grinder
  3730 | D:5      | Paralysed by Grinder for 5 turns
  3763 | D:5      | HP: 1/67 [Grinder (4)]
  3763 | D:5      | Slain by Grinder

Levels and vault maps discovered:
D:1:      minmay_arrival_floating_metal, layout_basic, serial_bayou_lagoon_b
D:2:      cheibrodos_old_hovel, layout_loops_ring, first_ration
D:3:      layout_loops_cross, okawaru_gym_becter, lemuel_round_altar
D:4:      layout_cave_pools, marbit_many_paths,
          yredelemnul_forgotten_temple_becter, serial_shops, shop
D:5:      wander_river, layout_rooms, zin_academy, minmay_temple_entry_wispy,
          uniq_grinder

Skill      XL: |  1  2  3  4  5  6  7 |
---------------+----------------------+-----
Maces & Flails | 3 4 5 6 |  6.3
Throwing       | 1 2 |  2.4
Dodging        | 3 |  3.5
Fighting       | 3 |  3.5

Action                   |  1- 3 |  4- 6 |  7- 9 || total
-------------------------+-------+-------+-------++-------
Melee: Mace              |   118 |   129 |       ||   247
       Giant club        |       |    53 |    80 ||   133
Invok: Berserk           |       |     2 |     1 ||     3
       Trog's Hand       |       |     1 |       ||     1
  Use: Scroll            |     7 |     1 |     4 ||    12
  Eat: Chunk             |    21 |    15 |     8 ||    44
Armor: Animal skin       |    65 |    82 |    32 ||   179
Dodge: Dodged            |    69 |   133 |    59 ||   261
